 Dungeon Crawl Stone Soup version 0.28.0-47-ge53b351184 (webtiles) character file.

Game seed: 8155504304643949976

18123 Exodus22XD the Severer (level 12, -4/106 HPs)
             Began as a Hill Orc Monk on May 7, 2022.
             Was a High Priest of Beogh.
             Slain by a sixfirhy (10 damage)
             ... in a Gauntlet.
             The game lasted 00:42:22 (16397 turns).

Exodus22XD the Severer (Hill Orc Monk)             Turns: 16397, Time: 00:42:23

Health: -4/106     AC: 20    Str: 19    XL:     12   Next: 55%
Magic:  12/12      EV:  7    Int: 10    God:    Beogh [*****.]
Gold:   564        SH: 12    Dex: 13    Spells: 11/11 levels left

rFire   + . .      SeeInvis .   a - +1 broad axe (flame)
rCold   . . .      Faith    .   o - +0 kite shield
rNeg    + . .      Spirit   .   x - +3 chain mail {rN+}
rPois   +          Reflect  .   (no helmet)
rElec   .          Harm     .   w - +1 cloak
rCorr   .          Rampage  .   f - +2 pair of gloves
Will    .....      NoTele   +   (no boots)
Stlth   ..........              (no amulet)
HPRegen 0.27/turn               z - ring of poison resistance
MPRegen 0.13/turn               e - ring of protection from fire

@: studying Unarmed Combat
A: walk on water
a: Renounce Religion, Smiting, Recall Orcish Followers, Give Item to Named
Follower


You were in a Gauntlet.
You worshipped Beogh.
Beogh was extremely pleased with you.
You visited 1 branch of the dungeon, and saw 12 of its levels.
You also visited: Gauntlet.

You collected 592 gold pieces.
You spent 28 gold pieces at shops.

Inventory:

Hand Weapons
 a - a +1 broad axe of flaming (weapon)
 J - a +1 flail of draining
Armour
 f - a +2 pair of gloves (worn)
 j - the +5 ring mail of Forking Paths {+Blink rC- Will+++ Dex-2}
   (You found it on level 4 of the Dungeon)

   Dex:       It affects your dexterity (-2).
   rC:        It makes you vulnerable to cold.
   +Blink:    It lets you blink.
   Will:      It greatly increases your willpower.
 m - a +2 chain mail of poison resistance
 o - a +0 kite shield (worn)
 w - a +1 cloak (worn)
 x - a +3 chain mail of positive energy (worn)
 N - the +1 helmet of the Stonemason {rPois rF- Dex+5 SInv}
   (You found it in a Gauntlet)

   Dex:       It affects your dexterity (+5).
   rF:        It makes you vulnerable to fire.
   rPois:     It protects you from poison.
   SInv:      It lets you see invisible.
Jewellery
 e - a ring of protection from fire (right hand)
 z - a ring of poison resistance (left hand)
 F - a ring of protection from cold
Wands
 y - a wand of polymorph (6)
 E - a wand of flame (2)
Scrolls
 b - a scroll of blinking
 d - a scroll of torment
 g - 4 scrolls of enchant weapon {unknown}
 l - 2 scrolls of brand weapon
 n - 2 scrolls of amnesia {unknown}
 s - 4 scrolls of teleportation
 v - 2 scrolls of fog {unknown}
 A - 4 scrolls of vulnerability
 D - 2 scrolls of immolation {unknown}
 G - a scroll of magic mapping {unknown}
 K - 2 scrolls of summoning {unknown}
 L - 2 scrolls of enchant armour {unknown}
Potions
 c - a potion of curing
 h - a potion of lignification
 i - a potion of invisibility {unknown}
 k - a potion of ambrosia {unknown}
 p - 2 potions of attraction {unknown}
 q - 2 potions of degeneration {unknown}
 t - 2 potions of magic {unknown}
 u - 2 potions of resistance {unknown}
 B - 2 potions of haste {unknown}
 C - a potion of cancellation {unknown}
 H - a potion of mutation {unknown}
 M - a potion of brilliance {unknown}


   Skills:
 + Level 9.7 Fighting
 + Level 15.6 Axes
 * Level 10.9 Armour
 - Level 2.4 Dodging
 - Level 1.5 Stealth
 * Level 12.0 Shields
 - Level 0.1 Evocations


You had 11 spell levels left.
You didn't know any spells.
Your spell library contained the following spells:

 Spells                   Type           Power      Damage    Failure   Level
 Sublimation of Blood     Necr           0%         N/A       100%        2
 Wereblood                Tmut           0%         N/A       100%        2
 Summon Hydra             Summ           0%         N/A       100%        7


Dungeon Overview and Level Annotations

Branches:
Dungeon (12/15)            Temple (0/1) D:6             Orc (0/2) D:10
Gauntlet (1/1)
   Lair: D:8-11

Altars:
Cheibriados
Dithmenos
Fedhas
Gozag
Kikubaaqudgha
Sif Muna
Trog
Wu Jian
Zin

Shops:
D:1 (   D:4 *(:?=

Annotations:
Gauntlet 4 transporters


Message History

The sixfirhy hits you but does no damage. x2
You block the sixfirhy's attack. The sixfirhy hits you!
* * * LOW HITPOINT WARNING * * *
The sixfirhy shocks you!
* * * LOW HITPOINT WARNING * * *
Okay, then.
Okay, then.
Okay, then.
Okay, then.
Unknown command.
Okay, then.
Okay, then.
Aiming: Polymorph
Press: ? - help, Shift-Dir - straight line, f - sixfirhy
Aim: a sixfirhy (will become a smoke demon, an orange demon, or an apocalypse crab, chance to affect: 17%)
The sixfirhy resists with almost no effort.
You block the sixfirhy's attack.
Aiming: Polymorph
Press: ? - help, Shift-Dir - straight line, f/p - sixfirhy
Aim: a sixfirhy (will become a smoke demon, an orange demon, or an apocalypse crab, chance to affect: 17%)
Okay, then.
Aiming: Polymorph
Press: ? - help, Shift-Dir - straight line, f/p - sixfirhy
Aim: a sixfirhy (will become a smoke demon, an orange demon, or an apocalypse crab, chance to affect: 17%)
The sixfirhy resists with almost no effort.
Aiming: Polymorph
Press: ? - help, Shift-Dir - straight line, f/p - sixfirhy
Aim: a sixfirhy (will become a smoke demon, an orange demon, or an apocalypse crab, chance to affect: 17%)
Okay, then.
Aiming: Polymorph
Press: ? - help, Shift-Dir - straight line, f/p - sixfirhy
Aim: a sixfirhy (will become a smoke demon, an orange demon, or an apocalypse crab, chance to affect: 17%)
The sixfirhy resists with almost no effort.
The sixfirhy hits you but does no damage.
Aiming: Polymorph
Press: ? - help, Shift-Dir - straight line, f/p - sixfirhy
Aim: a sixfirhy (will become a smoke demon, an orange demon, or an apocalypse crab, chance to affect: 17%)
The sixfirhy resists with almost no effort.
The sixfirhy hits you!
You die...

#...#b#.#.#.#...###..#.##...####.
#8©8##.#.#.##8©8#?.#.##.#8©8###..
#################################
.................................
≈≈#≈≈≈#≈≈≈#...8⌠8..8∩8..8⌠8...#≈≈
≈###≈###≈###.................###≈
## ### ### ################### ##
##≈...............≈#
#≈≈..8@8©8©8©8©8..≈≈#
##≈....3..........≈##
#########.######### .. #


You could see a sixfirhy.

Vanquished Creatures
  A hydra (D:11)
  2 two-headed ogres
  6 centaur zombies
  Maggie (D:7)
  2 kobold demonologists (D:8)
  A large abomination (Gauntlet)
  2 trolls
  A hornet (D:9)
  Grinder (D:4)
  4 slime creatures (D:9)
  Prince Ribbit (D:6)
  Sigmund (D:4)
  3 small abominations (Gauntlet)
  A wyvern (D:8)
  A shadow (D:12)
  2 fire bats (Gauntlet)
  A vampire (D:12)
  A water elemental (D:11)
  Eustachio (D:6)
  11 yaks (D:8)
  2 vampire mosquitoes (D:11)
  2 two-headed ogre zombies (D:10)
  Menkaure (D:7)
  Edmund (D:6)
  3 swamp worms (Gauntlet)
  2 acid dragons
  A hell hound (Gauntlet)
  Duvessa (D:7)
  A sky beast (D:6)
  2 ice beasts
  A black bear (D:6)
  3 necrophages
  2 centaurs
  2 wolves (D:11)
  An ogre (D:6)
  2 phantoms (D:10)
  8 kobold brigands
  3 bullfrogs
  7 scorpions
  A wyvern zombie (D:9)
  A gnoll sergeant (D:9)
  Dowan (D:7)
  7 killer bees
  2 howler monkeys
  5 wights (D:9)
  An electric eel (D:8)
  A centaur skeleton (D:7)
  2 jellies
  5 hounds
  2 gnoll shamans
  2 iguanas
  Ijyb (D:5)
  Natasha (twice) (D:2)
  6 orc wizards
  Terence (D:2)
  An ogre zombie (D:10)
  A howler monkey zombie (D:9)
  10 gnolls
  8 adders
  An ufetubus (D:5)
  2 worms
  A dart slug (D:1)
  4 orcs
  8 ball pythons
  9 endoplasms
  6 giant cockroaches
  7 goblins
  8 hobgoblins
  3 quokkas
  6 bats
  4 frilled lizards
  A goblin skeleton (D:10)
  2 goblin zombies (D:10)
  A hobgoblin skeleton (D:10)
  4 hobgoblin zombies (D:10)
  29 kobolds
  2 orc skeletons (D:10)
  9 orc zombies (D:10)
  4 rats
260 creatures vanquished.

Vanquished Creatures (collateral kills)
  A boulder beetle (D:12)
  A hydra (D:10)
  2 two-headed ogres
  Sonja (D:12)
  2 cyclopes (D:12)
  A centaur zombie (D:11)
  A meliai zombie (D:11)
  A shadow (D:10)
  2 wraiths
  3 vampire mosquitoes
  A centaur (D:11)
  A troll zombie (D:10)
  3 killer bees (D:11)
  An orc priest (D:10)
  4 ogre zombies (D:10)
  A howler monkey zombie (D:9)
  A gnoll (D:9)
  A hobgoblin zombie (D:10)
  A kobold (D:10)
  An orc skeleton (D:10)
  4 orc zombies (D:10)
34 creatures vanquished.

Vanquished Creatures (others)
  A wyvern zombie (D:7)
  An orc (D:9)
2 creatures vanquished.

Grand Total: 296 creatures vanquished

Notes
Turn   | Place    | Note
-------+----------+-------------------------------------------
     0 | D:1      | Exodus22XD the Hill Orc Monk began the quest for the Orb.
     0 | D:1      | Reached XP level 1. HP: 19/19 MP: 1/1
    79 | D:1      | Reached XP level 2. HP: 21/27 MP: 2/2
   196 | D:1      | Found Cofier's Antique Weapon Shoppe.
   219 | D:1      | Reached skill level 1 in Armour
   501 | D:1      | Reached XP level 3. HP: 33/33 MP: 3/3
  1154 | D:2      | Reached skill level 5 in Axes
  1494 | D:2      | Reached XP level 4. HP: 40/40 MP: 4/4
  1494 | D:2      | Found a faded altar of an unknown god.
  1539 | D:2      | Noticed Terence
  1582 | D:2      | Killed Terence
  1754 | D:2      | Noticed Natasha
  1803 | D:2      | Killed Natasha
  1821 | D:2      | Noticed Natasha
  1830 | D:2      | Killed Natasha
  1831 | D:2      | Reached XP level 5. HP: 21/47 MP: 5/5
  2018 | D:2      | Found an opulent altar of Gozag.
  2140 | D:3      | Found a snail-covered altar of Cheibriados.
  2298 | D:3      | Found a blossoming altar of Fedhas.
  2876 | D:4      | Reached skill level 6 in Axes
  3036 | D:4      | Reached XP level 6. HP: 50/53 MP: 6/6
  3217 | D:4      | Found Ecvetogg's Book Shop.
  3253 | D:4      | Reached skill level 1 in Shields
  3285 | D:4      | Noticed Sigmund
  3352 | D:4      | Killed Sigmund
  3603 | D:4      | Reached skill level 7 in Axes
  3603 | D:4      | Reached XP level 7. HP: 53/60 MP: 7/7
  3649 | D:4      | Found Gargh's Magic Scroll Boutique.
  3652 | D:4      | Bought a scroll of identify for 28 gold pieces
  3697 | D:4      | Identified the +5 ring mail of Forking Paths {+Blink rC-
                  | Will+++ Dex-2}
  3739 | D:4      | Found Maatuomu's General Store.
  3898 | D:4      | Found Eframn's Jewellery Shop.
  4209 | D:4      | Found Ymazegan's Weapon Boutique.
  4222 | D:4      | Found an ornate altar of the Wu Jian Council.
  4223 | D:4      | Noticed Grinder
  4227 | D:4      | Paralysed by Grinder for 3 turns
  4237 | D:4      | Paralysed by Grinder for 4 turns
  4243 | D:4      | Paralysed by Grinder for 5 turns
  4592 | D:5      | Entered Level 5 of the Dungeon
  4618 | D:5      | Reached skill level 5 in Armour
  4682 | D:5      | Noticed Ijyb
  5125 | D:4      | Killed Grinder
  5126 | D:4      | Reached skill level 5 in Fighting
  5438 | D:5      | Killed Ijyb
  5810 | D:5      | Reached XP level 8. HP: 68/68 MP: 8/8
  6447 | D:5      | Reached skill level 8 in Axes
  6644 | D:5      | Found a shimmering blue altar of Sif Muna.
  6644 | D:5      | Found a shadowy altar of Dithmenos.
  6703 | D:5      | Reached skill level 5 in Shields
  7140 | D:6      | Noticed Prince Ribbit
  7141 | D:6      | Noticed Eustachio
  7453 | D:6      | Reached XP level 9. HP: 74/74 MP: 9/9
  7503 | D:6      | Reached skill level 9 in Axes
  7517 | D:6      | Noticed Edmund
  7554 | D:6      | Killed Eustachio
  7556 | D:6      | Killed Edmund
  7978 | D:6      | Killed Prince Ribbit
  8217 | D:6      | Found a staircase to the Ecumenical Temple.
  8762 | D:7      | Noticed Duvessa
  8766 | D:7      | Noticed Dowan
  8775 | D:7      | Killed Duvessa
  8792 | D:7      | Killed Dowan
  9040 | D:7      | Reached skill level 10 in Axes
  9066 | D:7      | Noticed Maggie
  9078 | D:7      | Killed Maggie
  9104 | D:7      | Reached XP level 10. HP: 81/84 MP: 10/10
  9161 | D:7      | Noticed Menkaure
  9174 | D:7      | Killed Menkaure
  9231 | D:7      | Became a worshipper of Beogh the Brigand
  9231 | D:7      | Reached * piety under Beogh
  9231 | D:7      | Reached ** piety under Beogh
  9686 | D:7      | Reached skill level 11 in Axes
 10662 | D:8      | Noticed a kobold demonologist
 10669 | D:8      | Noticed a kobold demonologist
 10674 | D:8      | Noticed a soul eater
 10675 | D:8      | Killed a kobold demonologist
 10687 | D:8      | Killed a kobold demonologist
 10990 | D:8      | Noticed a two-headed ogre
 11008 | D:8      | Killed a two-headed ogre
 11009 | D:8      | Reached skill level 12 in Axes
 11555 | D:8      | Reached *** piety under Beogh
 11562 | D:8      | Reached XP level 11. HP: 7/92 MP: 11/11
 11570 | D:8      | Reached skill level 10 in Shields
 11573 | D:8      | Reached skill level 13 in Axes
 12426 | D:9      | Found an ancient bone altar of Kikubaaqudgha.
 13325 | D:10     | Entered Level 10 of the Dungeon
 13464 | D:10     | Gained Bogdan as an ally
 13467 | D:10     | Found a staircase to the Orcish Mines.
 13471 | D:10     | Reached **** piety under Beogh
 13740 | D:10     | Noticed a two-headed ogre
 13747 | D:10     | Killed a two-headed ogre
 13748 | D:10     | Reached skill level 14 in Axes
 13757 | D:10     | Found a bloodstained altar of Trog.
 13889 | D:10     | Noticed a seven-headed hydra
 13901 | D:10     | Killed a four-headed hydra
 14112 | D:10     | Reached ***** piety under Beogh
 14232 | D:10     | Found a glowing silver altar of Zin.
 14232 | D:10     | Found an opulent altar of Gozag.
 14348 | D:11     | Noticed a two-headed ogre
 14360 | D:11     | Killed a two-headed ogre
 14492 | D:11     | Noticed a two-headed ogre
 14497 | D:11     | Killed a two-headed ogre
 14498 | D:11     | Reached XP level 12. HP: 70/104 MP: 12/12
 14670 | D:11     | Noticed a six-headed hydra
 14746 | D:11     | Reached skill level 15 in Axes
 14778 | D:11     | Reached skill level 10 in Armour
 14901 | D:11     | Killed a one-headed hydra
 15283 | D:12     | Noticed a boulder beetle
 15301 | D:12     | Killed a boulder beetle
 15445 | D:12     | Noticed Sonja
 15451 | D:12     | Found a gate leading to a gauntlet.
 15451 | D:12     | Killed Sonja
 15483 | Gauntlet | Entered a Gauntlet
 15483 | Gauntlet | Found a transporter.
 15484 | Gauntlet | Found a runed translucent gate.
 15484 | Gauntlet | Found a runed translucent gate.
 15484 | Gauntlet | Found a runed translucent gate.
 15721 | Gauntlet | Found a transporter.
 15725 | Gauntlet | Found a transporter.
 15726 | Gauntlet | Found a transporter.
 15734 | Gauntlet | Found a transporter.
 15737 | Gauntlet | Found a transporter.
 15739 | Gauntlet | Found a transporter.
 15745 | Gauntlet | Noticed a large abomination
 15747 | Gauntlet | Found a transporter.
 15749 | Gauntlet | Found a transporter.
 15750 | Gauntlet | Found a transporter.
 15759 | Gauntlet | Found a transporter.
 15761 | Gauntlet | Found a transporter.
 15762 | Gauntlet | Found a transporter.
 15778 | Gauntlet | Found a transporter.
 16380 | Gauntlet | Identified the +1 helmet of the Stonemason {rPois rF- Dex+5
                  | SInv}
 16393 | Gauntlet | HP: 5/106 [sixfirhy (9)]
 16397 | Gauntlet | Slain by a sixfirhy

Illustrated notes

Levels and vault maps discovered:
D:1:      heliophobic_arrival_henge, layout_rooms, serial_shops,
          nicolae_square_shop
D:2:      cheibrodos_old_hovel, layout_basic, basic_altar,
          shapermc_ecumenical_altar_mp_vishouse, uniq_terence, uniq_natasha
D:3:      layout_basic, mainiacjoe_overflow_surrounded_room, fedhas_altar_4
D:4:      layout_cave_pods, nicolae_overflow_crystal_walls, serial_shops,
          kennysheep_mini_moat, kennysheep_mini, shop, kennysheep_little_box,
          nicolae_lakefront_shop, kennysheep_windowed_goal, uniq_sigmund,
          uniq_grinder
D:5:      layout_layer_cave, gammafunk_temple_overflow_elements,
          portal_sewer_entry_d, amethyst_killhole, uniq_ijyb
D:6:      layout_basic, lemuel_temple_firewalk_b, uniq_eustachio,
          uniq_prince_ribbit1, uniq_edmund
D:7:      layout_cave_pods, uniq_duvessa, uniq_menkaure, uniq_maggie
D:8:      layout_basic
D:9:      layout_basic, lemuel_doored_altar
D:10:     layout_roguey, grunt_temple_overflow_gold_and_silver,
          mainiacjoe_overflow_paths, zombieorc2_lemuel
D:11:     layout_roguey, erik_lair_island
D:12:     layout_cave_pods, gauntlet_entry_generic, uniq_sonja, uniq_azrael
Gauntlet: gammafunk_gauntlet_77_escape_option
          [minmay_gauntlet_arena_77_run_for_it,
          minmay_gauntlet_arena_77_p_blocks,
          minmay_gauntlet_arena_77_tiled_triplets,
          minmay_gauntlet_arena_77_checkered,
          minmay_gauntlet_arena_77_two_lines, dreamdust_gauntlet_exit_labyrinth]

Skill      XL: |  1  2  3  4  5  6  7  8  9 10 11 12 |
---------------+-------------------------------------+-----
Fighting       | 4 5 6 7 9 |  9.7
Armour         | 1 2 3 4 5 6 7 8 9 10 | 10.9
Axes           | 5 6 7 8 10 12 14 15 | 15.6
Shields        | 2 3 6 8 9 11 12 | 12.0
Dodging        | |  2.4
Stealth        | |  1.5
Evocations     | |  0.1

Action                   |  1- 3 |  4- 6 |  7- 9 | 10-12 || total
-------------------------+-------+-------+-------+-------++-------
Melee: Hand axe          |   126 |   178 |   486 |       ||   790
       Punch             |     1 |     1 |       |       ||     2
       Unarmed           |       |     5 |       |       ||     5
       War axe           |       |       |    31 |       ||    31
       Broad axe         |       |       |     7 |   506 ||   513
Invok: Convert to Beogh  |       |       |       |     1 ||     1
       Recall Orcish Fol |       |       |       |     1 ||     1
Evoke: Wand              |       |       |     9 |     8 ||    17
  Use: Scroll            |       |       |     5 |    11 ||    16
       Potion            |       |       |     1 |     4 ||     5
 Stab: Sleeping          |     4 |       |       |       ||     4
       Distracted        |     1 |       |       |     6 ||     7
       Paralysed         |       |       |     6 |     2 ||     8
Armor: Robe              |     6 |       |       |       ||     6
       Leather armour    |    32 |     6 |       |       ||    38
       Chain mail        |       |    76 |    44 |    88 ||   208
       Skin              |       |     1 |       |       ||     1
       Ring mail         |       |       |   233 |   176 ||   409
Dodge: Dodged            |    98 |    52 |   189 |   203 ||   542
Block: Kite shield       |       |    43 |   234 |   330 ||   607
